[Event "*** Titled Tuesday Blitz"]
[Site "Chess.com"]
[Date "2019.04.02"]
[Round "3"]
[White "Phelathegreat"]
[Black "davidarenas1224"]
[Result "1/2-1/2"]
[WhiteElo "2328"]
[BlackElo "2546"]
[TimeControl "180+2"]
[EndTime "14:39:35 PDT"]
[Termination "Game drawn - insufficient material"]

1. d4 Nf6 2. c4 e6 3. Nf3 d5 4.
g3 Be7 5. Bg2 O-O 6. O-O dxc4 7.
Ne5 Nc6 8. Bxc6 bxc6 9. Nxc6 Qe8 10. Nxe7+ Qxe7 11. Qa4 e5 12. dxe5 Qxe5 13. Nc3 Qh5 14. f3 Bh3 15. Rd1 Qc5+ 16. e3 Rfd8 17. Qc2 Qc6 18.
e4 Qc5+ 19. Qf2 Qb4 20. Bf4 Rd3 21. Be5 Qe7 22. Bd4 Rd8 23. Rxd3 cxd3 24. Rd1 Nd7 25.
Rxd3 Ne5 26. Rd2 c5 27. Be3 Rxd2 28. Bxd2 Qf6 29. f4 Nd3 30. Qe3 Nxb2 31. Qxc5 h6 32.
Nd5 Qa6 33. Qf2 Qxa2 34. Qe1 Nd3 35. Qd1 Qc4 36. Qe2 Qd4+ 37. Ne3 Qxe4 38. Bc3 Nc5 39. Kf2 Nd3+ 40. Kg1 Nc5 41. Qd2 Qb1+ 42. Qd1 Qxd1+ 43. Nxd1 Nb3 44. Nb2 f6 45. Kf2 Kf7 46. Kf3 Be6 47.
Nd3 Bd5+ 48. Ke3 Ke6 49. Nb4 Bb7 50. Kd3 a5 51. Nc2 a4 52. Bb4 Ba6+ 53. Kc3 g5 54. fxg5 hxg5 55. Ba3 Bb7 56. Nb4 Kf5 57. Nd3 Kg4 58.
Be7 f5 59. h4 gxh4 60. Bxh4 Be4 61. Ne5+ Kh3 62. Kb4 f4 63. gxf4 Kxh4 64. Kxa4 Nd4 65. Kb4 Kg3 66. Kc4 Nf5 67. Ng6 Nd6+ 68. Kc5 Nb7+ 69.
Kb6 Nd8 70. Kc7 Ne6+ 71. Kd6 Ng7 72. Ke7 Nh5 73. f5 Bxf5 74. Ne5 Kf4 75. Nc4 Ng3 76. Nd6 Bd3 77. Ke6 Nf1 78. Nf7 Bc4+ 79. Ke7 Ne3 80. Nd6 Bb3 81. Kd7 Ke5 82. Kc6 Ba4+ 83. Kc5 Nd5 84.
Nc4+ Ke6 85. Nb6 Nxb6 86. Kxb6 1/2-1/2

[Event "*** Titled Tuesday Blitz"]
[Site "Chess.com"]
[Date "2019.04.02"]
[Round "3"]
[White "FrenchMonster2002"]
[Black "51616516516"]
[Result "1/2-1/2"]
[WhiteElo "2355"]
[BlackElo "2216"]
[TimeControl "180+2"]
[EndTime "14:39:51 PDT"]
[Termination "Game drawn by agreement"]

1. e4 c5 2. Nf3 g6 3. d4 cxd4 4. Nxd4 Nc6 5. c4 Nf6 6. Nc3 d6 7. Be2 Nxd4 8. Qxd4 Bg7 9. Be3 O-O 10. Qd2 Qa5 11. O-O Be6 12. Rac1 Rfc8 13. b3 a6 14. f4 b5 15. f5 Bd7 16. fxg6 hxg6 17. e5 Ng4 18.
Bxg4 Bxg4 19. Nd5 Qxd2 20. Bxd2 Ra7 21. Be3 Rb7 22. cxb5 Rxc1 23. Rxc1 axb5 24. exd6 exd6 25. Kf2 Be5 26. h3 Be6 27. Nc7 Bf5 28. g4 Be4 29. Na6 Kg7 30. Nb4 Rb8 31. Rc7 Ra8 32. Ra7 Rxa7 33. Bxa7 Bc3 34. Na6 Bb1 35. a4 bxa4 36. bxa4 Bc2 37. Bb8 Bxa4 38. Bxd6 Bd4+ 39. Kf3 Bc6+ 40.
Kg3 Bd7 41. Nb4 Be6 42. Nc6 Bc3 43. g5 Bf5 44. h4 Be6 45. Kf4 Bd7 46. Be5+ Bxe5+ 47. Nxe5 Be6 48. Nc6 f6 49. Nd4 Bd7 50. Nf3 Bc6 51. Nd4 Bd7 52. Ne2 fxg5+ 53. hxg5 Bc8 54. Ke5 Bb7 55. Nd4 Bc8 56. Kd6 Kf7 57. Nf3 Bf5 58. Ne5+ Ke8 59. Nc6 Be4 60. Nd4 Bd3 61. Ke6 Kf8 62. Kf6 Be4 63. Ne6+ Kg8 64. Nf4 Bc2 65. Nxg6 Bb1 66. Ne7+ Kf8 67. Nf5 Kg8 68. Nh6+ Kf8 69. Ng4 Kg8 70. Ne3 Kf8 71. Nc4 Kg8 72. Nd2 Bc2 73. Nf3 Kf8 74. Nd4 Bb1 75. Nb5 Kg8 76. Na3 Bd3 77. Ke5 Kg7 78. Kf4 Kg6 79. Kg4 Kg7 80. Kh4 Kg6 81. Kg4 Kg7 82. Kh5 Kh7 83.
Kh4 Kg7 84. Kg4 Kg6 85. Kf4 Kh5 1/2-1/2

[Event "*** Titled Tuesday Blitz"]
[Site "Chess.com"]
[Date "2019.04.02"]
[Round "3"]
[White "DenisQ"]
[Black "Rap_woyska"]
[Result "1/2-1/2"]
[WhiteElo "2640"]
[BlackElo "2537"]
[TimeControl "180+2"]
[EndTime "14:39:58 PDT"]
[Termination "Game drawn by stalemate"]

1. Nf3 d5 2. d4 Nf6 3. c4 c6 4. cxd5 cxd5 5. Nc3 Nc6 6. Bf4 Bf5 7. e3 e6 8. Ne5 a6 9. Nxc6 bxc6 10. Bd3 Bxd3 11.
Qxd3 c5 12. O-O cxd4 13. Qxd4 Be7 14. Rac1 O-O 15. Na4 Qa5 16. Bc7 Qb5 17. Rc2 Nd7 18. b3 Rfc8 19. Rfc1 Bf6 20. Qd1 Qb7 21. h3 h6 22. Qd2 Be5 23. Bxe5 Nxe5 24. Nc5 Qe7 25.
Nxa6 Rxc2 26. Qxc2 Qa3 27. Nc7 Rc8 28. Qc3 Nd7 29.
Rc2 Nb6 30. Qc6 Na8 31. Qb7 Rxc7 32. Qb8+ Kh7 33. Rxc7 Nxc7 34. Qxc7 Qxa2 35. Qxf7 Qa1+ 36. Kh2 Qe5+ 37. Qf4 Qb2 38. b4 Kh8 39. f3 Kh7 40. Qd4 Qb3 41. e4 dxe4 42. Qxe4+ Kh8 43. f4 Qb2 44. Qc4 Qb1 45. b5 Kh7 46. Qc6 Qb4 47.
Qc2+ Kh8 48. Qc8+ Kh7 49. Kg3 Qxb5 50. Qxe6 Qd3+ 51. Kh2 Qd2 52. Qe4+ Kh8 53. h4 Qd6 54. Kh3 Qd2 55. g3 Qd1 56. Qe8+ Kh7 57. Qe4+ Kh8 58. f5 Qf1+ 59. Kg4 Qd1+ 60. Qf3 Qd4+ 61. Kh3 Qe5 62. Qf4 Qe1 63. Kh2 Qe2+ 64. Kh3 Qe1 65. Kg2 Qe2+ 66. Qf2 Qe4+ 67. Qf3 Qc2+ 68. Kh3 Qb2 69. Kg4 Qd4+ 70.
Kh5 Kh7 71. g4 Qf6 72. g5 g6+ 73. fxg6+ Qxg6+ 74. Kg4 hxg5 75. hxg5 Qe6+ 76. Qf5+ Qg6 77. Qd7+ Kg8 78. Qd8+ Kg7 79. Qe7+ Kg8 80. Kf4 Qb1 81. Qe6+ Kg7 82. Qf6+ Kg8 83. Qe6+ Kg7 84. Qe5+ Kg8 85. Kg4 Qd1+ 86. Kf5 Qc2+ 87. Kf6 Qc6+ 88. Qe6+ Qxe6+ 89. Kxe6 Kg7 90. Kf5 Kf7 91. g6+ Kg7 92. Kg5 Kg8 93. Kf6 Kf8 94. g7+ Kg8 95. Kg6 1/2-1/2

[Event "*** Titled Tuesday Blitz"]
[Site "Chess.com"]
[Date "2019.04.02"]
[Round "3"]
[White "Kimster98"]
[Black "TheBigBoss04"]
[Result "0-1"]
[WhiteElo "2603"]
[BlackElo "2557"]
[TimeControl "180+2"]
[EndTime "14:40:06 PDT"]
[Termination "TheBigBoss04 won by resignation"]

1. Nf3 d5 2. d4 Nf6 3. c4 e6 4.
Nc3 Bb4 5. Bg5 h6 6. Bxf6 Qxf6 7. e3 O-O 8. Rc1 dxc4 9. Bxc4 c5 10. O-O cxd4 11. Nxd4 Bd7 12. Qb3 Nc6 13. Nxc6 Bxc3 14. Qxc3 Bxc6 15. Qxf6 gxf6 16. Rfd1 Rfd8 17. Be2 Kf8 18.
f4 Bd5 19. b3 Ke7 20. Kf2 Rac8 21. g3 a5 22. Bb5 h5 23. Ke2 h4 24. Rxc8 Rxc8 25. Kd2 hxg3 26. hxg3 Rh8 27. Kc3 Rh2 28. a4 Rg2 29. Bc4 Bf3 30. Rh1 Rxg3 31. Rh8 Bc6 32. Kd4 e5+ 33. fxe5 fxe5+ 34. Kxe5 Rxe3+ 35. Kd4 Re4+ 36. Kc5 Re5+ 37. Kb6 f5 38. Rh7+ Kf6 39. Bb5 f4 40. Bxc6 bxc6 41. Kxc6 f3 42. Rh1 Re3 43. Kb5 Re5+ 44. Kc4 Kf5 45. b4 Re4+ 46. Kb5 axb4 47.
a5 b3 48. a6 b2 49. a7 Re8 50. Rb1 f2 51. Kc6 Kg4 52. Kb7 Kg3 53. a8=Q Rxa8 54.
Kxa8 Kf3 55. Kb7 Ke3 56. Kc6 Kd3 57. Kd5 Kc2 58. Rf1 b1=Q 59. Rxf2+ Kc3 60. Rf3+ Kd2 61. Ke5 Ke2 62. Rf6 Ke3 63. Rd6 Qb5+ 64. Rd5 Qb2+ 65. Kf5 Qf2+ 66. Ke6 Qa2 67. Ke5 Qa6 68. Rc5 Qa3 69. Rc6 Qa5+ 70. Ke6 Kd4 71. Rd6+ Ke4 72. Kd7 Qa7+ 73. Ke6 Qc7 74. Rd7 Qc6+ 75. Ke7 Ke5 76. Kd8 Qa8+ 77. Kc7 Qa7+ 78. Kd8 Qb6+ 79. Ke7 Qc6 80.
Kd8 Kf6 81. Rf7+ Kg6 82. Rc7 Qd6+ 83. Kc8 Kf6 84. Kb7 Qb4+ 85. Kc8 Ke6 86. Rc6+ Ke7 87.
Kc7 Qa5+ 88. Kc8 Qa8+ 89. Kc7 Qa7+ 90. Kc8 Qd7+ 91. Kb8 Qxc6 92. Ka7 Qb5 93. Ka8 Kd7 0-1

[Event "*** Titled Tuesday Blitz"]
[Site "Chess.com"]
[Date "2019.04.02"]
[Round "3"]
[White "fu24"]
[Black "Artooooo"]
[Result "0-1"]
[WhiteElo "2515"]
[BlackElo "2728"]
[TimeControl "180+2"]
[EndTime "14:40:20 PDT"]
[Termination "Artooooo won by resignation"]

1. d4 Nf6 2. Bg5 Ne4 3. h4 Nxg5 4. hxg5 g6 5. f4 Bg7 6. Nf3 d6 7. e3 c5 8. c3 Qb6 9. Qb3 h6 10. Nbd2 hxg5 11. Rxh8+ Bxh8 12. Nxg5 Qxb3 13. Nxb3 b6 14. Bc4 e6 15. Bb5+ Ke7 16. Be2 a6 17. Bf3 Ra7 18.
Kf2 Nd7 19. Rh1 Bg7 20. Rh7 Kf8 21. Ne4 Nf6 22. Nxf6 Bxf6 23. Nd2 Kg8 24. Rh1 d5 25. g4 Rc7 26. g5 Be7 27. Be2 Bd7 28. Nf3 Be8 29.
Ne5 Kg7 30. a3 a5 31. Bd3 b5 32. Ke2 b4 33. axb4 cxb4 34. cxb4 Bxb4 35. Ra1 Kf8 36. Rh1 Kg7 37. Ra1 Rb7 38. Ra2 Kf8 39. Ba6 Rc7 40.
Bd3 Rc1 41. b3 Rc3 42. Rb2 Ke7 43. Nf3 Kd6 44. Nd2 Rc1 45. Rc2 Rh1 46. Nf3 Rb1 47.
Rc6+ Kxc6 48. Bxb1 Bd6 49. Bd3 Kb6 50. Kd2 Bb4+ 51. Kc2 Bd6 52. Ne5 Kc7 53. Kc3 Kb6 54. Be2 Ba3 55. Bd3 Bc1 56. Ng4 Ba3 57. Kc2 Bb4 58. Ne5 Be1 59. Kd1 Bc3 60. Kc2 Be1 61. Kd1 Bb4 62. Kc2 Bf8 63. Be2 Bd6 64. Bd3 a4 65.
bxa4 Bxa4+ 66. Kd2 Be8 67. Kc3 Ka5 68. Kb3 Bb4 69.
Be2 Bd2 70. Ng4 Ba4+ 71. Kb2 Kb4 72. Bd3 Bc3+ 73. Kb1 Bd2 74. Kb2 Bd1 75. Ne5 Bxe3 76. Nxf7 Bh5 77. Kc2 Bxf4 78. Ba6 Bg4 79. Nh6 Bh5 80.
Nf7 Ka5 81. Bd3 Kb6 82. Nh8 Bxg5 83. Bxg6 Bg4 84. Nf7 Bf6 85. Kd3 Kc7 86. Nh6 Bd1 87. Kd2 Ba4 88. Ng4 Bxd4 89. Kd3 Bg7 90. Bf7 Kd6 91.
Ne3 Bb5+ 92. Kd2 Bh6 93. Bg6 d4 94. Bd3 Bxe3+ 95. Ke2 Bxd3+ 0-1

[Event "*** Titled Tuesday Blitz"]
[Site "Chess.com"]
[Date "2019.04.02"]
[Round "3"]
[White "chessking2151"]
[Black "swisspower96"]
[Result "1-0"]
[WhiteElo "2575"]
[BlackElo "2600"]
[TimeControl "180+2"]
[EndTime "14:40:22 PDT"]
[Termination "chessking2151 won by resignation"]

1. d4 Nf6 2. c4 e6 3. Nf3 d5 4.
Nc3 Nbd7 5. g3 dxc4 6. Bg2 Nb6 7. O-O c5 8. Bg5 cxd4 9. Nxd4 Bc5 10. Ndb5 a6 11. Qxd8+ Kxd8 12. Rad1+ Ke7 13. Na3 Ra7 14.
Ne4 Bxa3 15. bxa3 Nd5 16. Nxf6 gxf6 17. Bh4 Nc3 18. Rd2 b5 19. Rc2 Na4 20. e4 Nc5 21. e5 Nd7 22. exf6+ Ke8 23. Rd1 Bb7 24. Rcd2 Bxg2 25.
Kxg2 Kd8 26. Rd6 Kc8 27. Rc6+ Kb8 28. g4 Ne5 29. Bg3 Kb7 30. Rc5 Nd3 31. Rg5 Kc6 32.
Rg7 Rd7 33. Kf1 Rc8 34. Ke2 Rcd8 35. Kf1 c3 36. Rxd3 Rxd3 37. Rxf7 R8d7 38. Rf8 Kb7 39. Rb8+ Ka7 40. Rc8 a5 41. g5 b4 42. axb4 axb4 43.
g6 hxg6 44. Bf4 Ka6 45. Ke2 R3d5 46. Be3 Rf5 47. Rc6+ Kb5 48. Rb6+ Ka4 49. Ra6+ Ra5 50. Rxe6 Kb5 51. Re5+ Ka6 52. Re6+ Kb7 53. Rb6+ Kc7 54. Rxb4 Rxa2+ 55. Kf3 c2 56. Rc4+ Kd6 57. Ke4 Ke6 58. Rc6+ Kf7 59. h4 Ra4+ 60. Kf3 Rxh4 61. Rxc2 Kxf6 62.
Rc6+ Kf7 63. Kg3 Re4 64. Kf3 Re6 65. Rxe6 Kxe6 66. Ke4 Rb7 67. Kf4 Rb5 68. Kg4 Kf6 69. Bd4+ Kf7 70. Be3 Rd5 71. Kg3 Kf6 72. Kg4 Rd3 73.
Kf4 Rd1 74. Kg4 Rb1 75. Kf4 Rb4+ 76. Kg3 Kf5 77. Kf3 Rb3 78. Kg3 Rb1 79. Kf3 Rg1 80.
Bd4 Rh1 81. Kg2 Rh4 82. Be3 Re4 83. Kf3 Ra4 84. Kg3 g5 85. Kf3 Rg4 86. Ke2 Rg2 87. Kf1 Rh2 88. Kg1 Rh7 89. Kg2 Kg4 90. Bd2 Rf7 91.
Be3 Rf5 92. Bd2 Kh4 93. Be3 g4 94. Bd2 Rf3 95. Be3 Kh5 96. Bd4 Kg6 97. Ba7 Kf5 98. Bd4 Ke4 99. Ba7 Rf7 100. Bb6 Kf4 101. Be3+ Kf5 102. Bb6 Rb7 103. Be3 Rb4 104. Bc5 Rb3 105. Be3 Rb1 106. Ba7 Kg5 107. Be3+ Kh5 108. Bd4 Rb2 109. Bxb2 Kh4 110. Bf6+ Kh5 111. Kg3 Kg6 112. Bd4 Kf5 113. Be3 Ke4 114. Kxg4 Kd3 115. Kf5 Ke2 116. Ke4 Kf1 117. f4 Ke2 1-0

[Event "*** Titled Tuesday Blitz"]
[Site "Chess.com"]
[Date "2019.04.02"]
[Round "3"]
[White "djogrodek1"]
[Black "Msb2"]
[Result "1-0"]
[WhiteElo "2512"]
[BlackElo "2810"]
[TimeControl "180+2"]
[EndTime "14:40:30 PDT"]
[Termination "djogrodek1 won by checkmate"]

1. e4 e6 2. d4 d5 3. exd5 exd5 4.
Nf3 Nc6 5. Nc3 a6 6. Bd3 Nb4 7. O-O Nxd3 8. Qxd3 Nf6 9. Bg5 Be7 10. Rfe1 O-O 11.
Ne5 Be6 12. Re2 c6 13. Rae1 Nd7 14. Bxe7 Qxe7 15. Nd1 Rae8 16. Nxd7 Qxd7 17. Qd2 Re7 18. f3 Rfe8 19. Nf2 Bf5 20. Nd3 Qd6 21. c3 f6 22.
a3 a5 23. g3 g5 24. Nc5 b6 25.
Nd3 Kf7 26. Kf2 h6 27. Re3 Qd7 28. Rxe7+ Rxe7 29. Rxe7+ Qxe7 30. Qe3 Qd6 31. Qe2 h5 32. Qe3 h4 33. Kg2 hxg3 34. hxg3 Bg6 35. Kf2 Qd8 36. Kg2 Qh8 37. b4 Qa8 38. Nf2 axb4 39. axb4 Qa2 40. Kg1 Qb1+ 41. Kg2 Qc2 42. Kg1 Bf5 43. Kg2 Bc8 44. Kg1 Ba6 45. Qe1 Be2 46. Kg2 Kg6 47.
g4 Kf7 48. Kg3 Bc4 49. Kg2 Ba6 50. Kg3 Bc4 51. Kg2 Qa2 52. Kg3 Qa8 53. Qb1 Qh8 54. Qf5 Ke7 55. Kg2 Kd6 56. Nh1 Kc7 57. Ng3 Kb7 58. Qd7+ Ka6 59. Qxc6 Qd8 60. Nf5 Bb5 61. Qd6 Qe8 62. Qe7 Qc6 63. Nd6 Bd3 64. Qd8 Ka7 65. Nc8+ Ka6 66. Nd6 Ka7 67. Kg3 Ba6 68. Qe7+ Kb8 69.
Qd8+ Ka7 70. Qe7+ Kb8 71. Qe8+ Kc7 72. Qxc6+ Kxc6 73. Ne8 Kb5 74. Nxf6 Kc4 75. f4 Kxc3 76. Nxd5+ Kxd4 77. Nxb6 Bb7 78. fxg5 Ke5 79. Kh4 Ke6 80. Kh5 Kf7 81. Kh6 Kg8 82. Nd7 Kf7 83. g6+ Ke7 84. g7 Bd5 85. Ne5 Kf6 86. Ng6 Bg8 87. g5+ Kf7 88.
b5 Ke6 89. b6 Kd6 90. Ne7 Kxe7 91. b7 Ke6 92. b8=Q Bf7 93. Qf8 Be8 94. Qxe8+ Kf5 95. g8=Q Kf4 96. g6 Kg4 97. Qgf7 Kh3 98. Kg7 Kh4 99. Kf8 Kg5 100. g7 Kh6 101. Ke7 Kg5 102. g8=Q+ Kh6 103.
Qfh7# 1-0

[Event "*** Titled Tuesday Blitz"]
[Site "Chess.com"]
[Date "2019.04.02"]
[Round "3"]
[White "platy3"]
[Black "GadimbayliA"]
[Result "0-1"]
[WhiteElo "2773"]
[BlackElo "2802"]
[TimeControl "180+2"]
[EndTime "14:40:46 PDT"]
[Termination "GadimbayliA won on time"]

1. c4 Nf6 2. Nc3 Nc6 3. e4 e5 4.
g3 Bb4 5. Bg2 O-O 6. Nge2 d6 7. O-O a5 8. d3 h6 9. h3 Bc5 10. Kh2 Nd4 11. Be3 c6 12. Qd2 Nh5 13. f4 Nxe2 14. Nxe2 exf4 15. Nxf4 Qg5 16. Rf3 Bxe3 17.
Qxe3 Nf6 18. Ne2 Qh5 19. Kg1 Qe5 20. Qd4 c5 21. Qc3 Bd7 22. Nf4 Rfe8 23. Rf2 b5 24. Qxe5 Rxe5 25. b3 Rb8 26. Ne2 Ree8 27. Nc3 b4 28.
Nd1 a4 29. Ne3 Rbc8 30. g4 Re5 31. Bf3 Ra8 32. Rb1 Ree8 33. e5 Ra7 34. exf6 Rxe3 35. fxg7 Rxd3 36. Be4 Rxh3 37. Rd1 axb3 38. axb3 Rxb3 39.
Rxd6 Be6 40. Bd5 Bxd5 41. Rxd5 Kxg7 42. Rxc5 Rg3+ 43. Rg2 Rxg2+ 44. Kxg2 Rb7 45. Ra5 b3 46. Ra1 Rb4 47. Rb1 Kf6 48. Kf3 Ke5 49. Ke3 Rxc4 50. Rxb3 Rxg4 51. Rb5+ Kf6 52. Kf3 Rg5 53. Rb6+ Kg7 54.
Kf4 Rg6 55. Rb5 Rf6+ 56. Kg4 Kg6 57. Ra5 Re6 58. Kg3 f5 59. Kf4 Re4+ 60. Kf3 Rb4 61. Ra8 Kh5 62. Rg8 Rg4 63. Rf8 Kg5 64. Rg8+ Kh4 65. Rf8 Rg1 66. Kf2 Rg5 67. Kf3 h5 68.
Rh8 Rg1 69. Kf2 Rg4 70. Kf3 Kg5 71. Rg8+ Kh4 72. Rh8 Ra4 73. Rf8 Ra3+ 74. Kf4 Ra1 75. Kf3 Kh3 76. Kf2 Kg4 77. Rg8+ Kf4 78. Kg2 Ra2+ 79. Kh3 Rf2 80. Ra8 Re2 81. Ra4+ Re4 82. Ra5 Re5 83. Ra8 Kf3 84. Ra3+ Re3 85. Ra5 f4 86.
Rxh5 Ke2+ 87. Kh2 f3 88. Rf5 Re8 89. Kg3 Rg8+ 90. Kf4 f2 91. Re5+ Kd2 92. Rd5+ Ke2 93. Re5+ Kf1 94. Ra5 Kg1 0-1

[Event "*** Titled Tuesday Blitz"]
[Site "Chess.com"]
[Date "2019.04.02"]
[Round "3"]
[White "chessdjw"]
[Black "IIIlllII1llIl"]
[Result "0-1"]
[WhiteElo "2628"]
[BlackElo "2802"]
[TimeControl "180+2"]
[EndTime "14:40:47 PDT"]
[Termination "IIIlllII1llIl won on time"]

1. Nf3 d5 2. e3 c5 3. b3 Nf6 4. Bb2 g6 5. c4 Bg7 6. cxd5 Qxd5 7. Nc3 Qd8 8. Rc1 O-O 9. Be2 Nc6 10. Na4 b6 11. d4 Nd7 12. Qd2 Bb7 13. dxc5 Nde5 14. Qxd8 Rfxd8 15. Nxe5 Nxe5 16. Bxe5 Bxe5 17. O-O Bc6 18.
Bf3 Bxa4 19. Bxa8 Bb5 20. Bf3 Bxf1 21. Kxf1 Rd2 22. c6 Bc7 23. Ke1 Rxa2 24. Rd1 Rc2 25. Rd7 Bd6 26. Kd1 Rc3 27. Kd2 Bb4 28. Ke2 Bd6 29.
Rxa7 b5 30. Rb7 b4 31. Kd2 h5 32. Bd5 Rc5 33. e4 e6 34. Rd7 Bxh2 35. g3 exd5 36. exd5 Kg7 37. c7 h4 38. d6 hxg3 39. fxg3 Bxg3 40.
Rd8 Rxc7 41. dxc7 Bxc7 42. Rd4 Bb6 43. Rc4 Ba5 44. Kd3 f6 45. Ke4 Kh6 46. Rc6 Kg5 47.
Rc5+ f5+ 48. Kf3 Bd8 49. Rb5 Be7 50. Rb6 Kh5 51. Kf4 Bg5+ 52. Kg3 Bd2 53. Rd6 Bc3 54. Rd5 Kg5 55. Kf3 Kf6 56. Rd6+ Kg5 57. Rc6 Be5 58. Rc4 Bd6 59. Rd4 Be7 60. Kg3 Kf6 61. Kh4 g5+ 62. Kh5 g4 63. Rc4 Ke5 64. Rc7 Kd6 65. Rb7 g3 66. Rb8 Ke5 67. Re8 Kf6 68.
Rg8 Bd6 69. Kh4 Ke6 70. Kh3 Kd5 71. Rc8 Kd4 72. Kg2 Be5 73. Rc4+ Ke3 74. Rc5 Kd4 75. Rb5 f4 76. Kf3 Bd6 77. Rb6 Kd5 78. Rb7 Kd4 79. Rd7 Kd5 80. Rd8 Ke5 81. Rc8 Kd4 82. Rc4+ Kd3 83.
Rc8 Be5 84. Re8 Bd4 85. Rc8 Be5 86. Rc4 Bd6 87. Rc6 Be5 88. Rc8 Kd2 89. Re8 Bc7 90. Re4 g2 91. Kxg2 Kc3 92. Rc4+ Kxb3 93. Rxc7 Ka2 94. Ra7+ Kb2 95. Kf3 b3 96. Ke2 f3+ 97. Kd2 f2 98. Rf7 Ka2 99. Kc3 b2 0-1

[Event "*** Titled Tuesday Blitz"]
[Site "Chess.com"]
[Date "2019.04.02"]
[Round "3"]
[White "GataKamsky1974"]
[Black "mikhaillushenkov"]
[Result "1/2-1/2"]
[WhiteElo "2754"]
[BlackElo "2658"]
[TimeControl "180+2"]
[EndTime "14:40:58 PDT"]
[Termination "Game drawn by 50-move rule"]

1. d4 Nf6 2. Nf3 d5 3. Bf4 c5 4. e3 Nc6 5. Nbd2 e6 6. c3 Bd6 7. Bg3 Qe7 8. Ne5 Nd7 9. f4 O-O 10. Bd3 f6 11. Nxd7 Bxd7 12. O-O f5 13. Nf3 Be8 14.
Bh4 Qf7 15. Ne5 Qc7 16. h3 Nxe5 17. fxe5 Be7 18. Bxe7 Qxe7 19. Kh2 cxd4 20. cxd4 Qg5 21. Qd2 Rc8 22. Rac1 Bh5 23. b4 h6 24. a4 Qe7 25.
a5 g5 26. Rc5 b6 27. Rxc8 Rxc8 28. Ba6 Rf8 29. Qc3 bxa5 30. bxa5 f4 31. exf4 gxf4 32. g3 fxg3+ 33. Qxg3+ Qg5 34. h4 Qxg3+ 35. Kxg3 Rxf1 36.
Bxf1 Kf7 37. Kf4 Bd1 38. Bd3 Ke7 39. Ke3 Kd7 40. Bb5+ Kc7 41. Kd2 Bg4 42. Kc3 Bf5 43. Kb4 Bg4 44. Kc5 Bf5 45. Be2 Bh3 46. Kb5 Kb7 47. Bd3 Bg4 48. Bg6 Be2+ 49. Kb4 Kc7 50. Bf7 Bg4 51. Kb5 Kb7 52. Be8 Bf5 53. Bc6+ Kc7 54. Kc5 Bg4 55. Bb5 Bh3 56. Bd3 Bg4 57.
Kb4 Bh3 58. Kb5 Kb7 59. Kb4 Kc7 60. Kc3 Kd7 61. Kd2 Ke7 62. Ke3 Bg4 63. Bc2 Bh5 64. Bd3 Bd1 65. Kf4 Kf7 66. Bf1 Bh5 67. Bh3 Bd1 68. Ke3 Ke7 69. Kd2 Bh5 70. Kc3 Bf7 71. Kb4 Kd7 72. Bg4 Kc6 73. Ka4 Bg8 74. Bh5 Bh7 75. Bg4 Bg8 76. Kb4 Bf7 77. Bh3 Bg8 78. Bf1 Bf7 79. Bb5+ Kc7 80. Bd3 Bh5 81.
Kb5 Kb7 82. Bf1 Bg4 83. Kc5 Kc7 84. Bd3 Bh3 85. Kb4 Kc6 86. Kc3 Kd7 87. Kd2 Bg4 88.
Ke3 Bd1 89. Kf4 Ke7 90. Bf1 Bh5 91. Bh3 Bd1 92. Ke3 Kd7 93. Kd2 Bh5 94. Kc3 Bf7 95. Kb4 Kc6 96. Bg4 Bg8 97. Bh5 Bh7 98. Be8+ Kc7 99.
Kc5 Bf5 100. Bf7 Bg4 101. Bg6 Bh3 102. Bd3 Bg4 103. Bf1 Bf5 104. Be2 Bh3 105. Kb5 Kb7 106. Bd3 Bg4 107. Kb4 Kc6 108. Kc3 1/2-1/2

[Event "*** Titled Tuesday Blitz"]
[Site "Chess.com"]
[Date "2019.04.02"]
[Round "3"]
[White "UCantHandleDenker"]
[Black "Anahita_Gholami"]
[Result "0-1"]
[WhiteElo "2467"]
[BlackElo "2678"]
[TimeControl "180+2"]
[EndTime "14:40:58 PDT"]
[Termination "Anahita_Gholami won by resignation"]

1. Nf3 Nf6 2. g3 d5 3. Bg2 Bf5 4. O-O e6 5. d3 h6 6. Nbd2 Be7 7. c4 c6 8. b3 O-O 9. Bb2 a5 10.
a3 Na6 11. Ne5 Qb6 12. Qc2 Rfc8 13. Rab1 Qd8 14. Ndf3 Bh7 15. Qd2 Nc5 16. Bc3 b5 17. cxb5 cxb5 18. b4 Na4 19. Bd4 axb4 20. axb4 Rc7 21.
Rfc1 Rac8 22. Rxc7 Qxc7 23. Bf1 Qc2 24. Qxc2 Rxc2 25.
Ba1 g5 26. Nd4 Ra2 27. Nxb5 Ne8 28. Nc6 Bf8 29. Bd4 f6 30. Nc3 Nxc3 31. Bxc3 Rc2 32. Rb3 Nd6 33. Nd4 Rc1 34. f4 e5 35. fxe5 fxe5 36.
Nf3 e4 37. dxe4 Nxe4 38. Bd4 g4 39. Be3 Rd1 40. Ne5 d4 41. Bf4 Nc3 42. Kf2 Ne4+ 43.
Kg2 Nc3 44. Kf2 Be4 45. Nxg4 Bd5 46. Nf6+ Kf7 47. Nxd5 Nxd5 48. Bg2 Nxb4 49. Bf3 Kf6 50. Bxh6 Bxh6 51. Rxb4 Bd2 52. Rb6+ Ke5 53. Kg2 Be3 54. h4 Rg1+ 55. Kh3 Bf2 56. Rb5+ Kf6 57. Rg5 Be3 58. Kg4 Bxg5 59. hxg5+ Ke5 60. Kh5 Rxg3 61. g6 Kf6 62. Be4 Rg5+ 63. Kh4 Re5 64.
Bd3 Rg5 65. Kh3 Kg7 66. Kh4 Kh6 67. Kh3 Kh5 68. Kh2 Kh4 69. Be4 Rg4 70. Bf5 Rg3 71. Bd3 Kg4 72. Bf5+ Kf4 73. Bd3 Rg5 74. Kh3 Rg4 75.
Kh2 Rg3 76. Kh1 Ke3 77. Kh2 Kf2 78. Bc2 Rg5 79. Kh3 Kxe2 80. Kh4 Rg1 81. Kh5 Kd2 82. Be4 Ke3 83. Bc2 Rg2 84. Bb1 Rh2+ 85. Kg5 Rh1 86. Bf5 Rg1+ 87. Kh6 Kf4 88. Bd3 Ke5 89.
Kh7 Kf6 90. Be4 Rg4 91. Bd3 Rg3 92. Be4 d3 93. Bxd3 Rh3+ 94. Kg8 Rxd3 95. g7 Rf3 96. Kh8 Rh3+ 97. Kg8 Rg3 98. Kh8 Kf7 99. Kh7 Rxg7+ 100. Kh8 Rg5 0-1

[Event "*** Titled Tuesday Blitz"]
[Site "Chess.com"]
[Date "2019.04.02"]
[Round "4"]
[White "novocane"]
[Black "pedroholly22"]
[Result "0-1"]
[WhiteElo "2195"]
[BlackElo "2269"]
[TimeControl "180+2"]
[EndTime "14:43:52 PDT"]
[Termination "pedroholly22 won by resignation"]

1. d4 g6 2. c4 Bg7 3. Nc3 c5 4. d5 Bxc3+ 5. bxc3 f5 6. g4 fxg4 7. h3 g3 8. fxg3 Nf6 9. Bg2 d6 10. g4 O-O 11. Nf3 Qa5 12. Qd3 Ne4 13. Qxe4 Qxc3+ 14. Bd2 Qxa1+ 15. Kf2 Qf6 16. Bg5 Qxg5 0-1

[Event "*** Titled Tuesday Blitz"]
[Site "Chess.com"]
[Date "2019.04.02"]
[Round "4"]
[White "MasterKroket"]
[Black "GMJimKnopf"]
[Result "0-1"]
[WhiteElo "2385"]
[BlackElo "2593"]
[TimeControl "180+2"]
[EndTime "14:44:21 PDT"]
[Termination "GMJimKnopf won by resignation"]

1. d4 g6 2. c4 Bg7 3. Nf3 c5 4. d5 Nf6 5. Nc3 O-O 6. e4 a6 7. h3 e6 8. e5 Ne8 9. Bd3 b5 10.
cxb5 Bb7 11. bxa6 Nxa6 12. Be4 f5 13. Bd3 exd5 14. Nxd5 Bxd5 15. Bxa6 Qa5+ 0-1

[Event "*** Titled Tuesday Blitz"]
[Site "Chess.com"]
[Date "2019.04.02"]
[Round "4"]
[White "Twiceblessed"]
[Black "Andreikka"]
[Result "0-1"]
[WhiteElo "2581"]
[BlackElo "2863"]
[TimeControl "180+2"]
[EndTime "14:44:23 PDT"]
[Termination "Andreikka won by resignation"]

1. d4 Nf6 2. c4 g6 3. Nc3 d5 4. cxd5 Nxd5 5. e4 Nxc3 6. bxc3 Bg7 7. Be3 c5 8. Qd2 Qa5 9. Rc1 O-O 10. Nf3 Rd8 11. d5 e6 12. Bg5 f6 13. Bf4 Nc6 14. Be2 Ne7 15. c4 Qxd2+ 16. Nxd2 Bd7 17. Bd6 Bf8 18.
Bxc5 Rac8 19. Bxa7 exd5 20. exd5 Nxd5 21. O-O Nf4 22.
Bf3 Bc6 23. Ne4 Bxe4 24. Bxe4 Ne2+ 25. Kh1 Nxc1 26. Bxb7 Rxc4 0-1

[Event "*** Titled Tuesday Blitz"]
[Site "Chess.com"]
[Date "2019.04.02"]
[Round "4"]
[White "Chess_for_enjoy"]
[Black "NeverEverForever1990"]
[Result "1/2-1/2"]
[WhiteElo "2525"]
[BlackElo "2389"]
[TimeControl "180+2"]
[EndTime "14:44:39 PDT"]
[Termination "Game drawn by agreement"]

1. d4 Nf6 2. c4 e6 3. Nc3 Bb4 4. e3 O-O 5. a3 Bxc3+ 6. bxc3 d6 7. Bd3 e5 8. Ne2 e4 9. Bb1 Be6 10. Ng3 Bxc4 11. Nxe4 Nxe4 12. Bxe4 d5 13. Bd3 Bxd3 14. Qxd3 Nd7 15. c4 dxc4 16. Qxc4 c6 17. O-O Nf6 18.
a4 Qd5 19. Qc2 Qe4 20. Qe2 Rfe8 21. Ba3 Qxd4 1/2-1/2

[Event "*** Titled Tuesday Blitz"]
[Site "Chess.com"]
[Date "2019.04.02"]
[Round "4"]
[White "aa175"]
[Black "DACF2905"]
[Result "0-1"]
[WhiteElo "1926"]
[BlackElo "2075"]
[TimeControl "180+2"]
[EndTime "14:44:44 PDT"]
[Termination "DACF2905 won by resignation"]

1. e4 c5 2. Nf3 e6 3. d4 cxd4 4.
Nxd4 a6 5. Nc3 Qc7 6. Be3 Nf6 7. Be2 Bb4 8. O-O Nc6 9. a3 Bxc3 10. bxc3 Nxe4 11. Qd3 Nf6 12. Nxc6 dxc6 13. Rfd1 O-O 14.
Bc5 Re8 15. Bd6 Qa5 16. Qg3 Ne4 17. Qe5 Qxe5 18. Bxe5 f6 0-1

[Event "*** Titled Tuesday Blitz"]
[Site "Chess.com"]
[Date "2019.04.02"]
[Round "4"]
[White "europa2012"]
[Black "norwaytoadog"]
[Result "0-1"]
[WhiteElo "2101"]
[BlackElo "2222"]
[TimeControl "180+2"]
[EndTime "14:44:56 PDT"]
[Termination "norwaytoadog won by resignation"]

1. d4 Nf6 2. c4 e6 3. Nf3 Bb4+ 4. Nbd2 O-O 5. e3 b6 6. a3 Bxd2+ 7. Bxd2 Bb7 8. Bd3 d6 9. Qc2 Nbd7 10. O-O e5 11. d5 Nc5 12. Be2 a5 13. b4 axb4 14. axb4 Nce4 15. h3 Nxd2 16. Nxd2 Qe7 17. Nb3 c5 18. b5 Nd7 19. e4 Qh4 20. f3 f5 21. exf5 Nf6 22.
Rxa8 Rxa8 23. Ra1 Rxa1+ 24. Nxa1 Qd4+ 25. Kh2 Qxa1 0-1

[Event "*** Titled Tuesday Blitz"]
[Site "Chess.com"]
[Date "2019.04.02"]
[Round "4"]
[White "warmoatmeal"]
[Black "HrvojeZagreb"]
[Result "0-1"]
[WhiteElo "1784"]
[BlackElo "2036"]
[TimeControl "180+2"]
[EndTime "14:45:02 PDT"]
[Termination "HrvojeZagreb won by resignation"]

1. d4 e6 2. Nf3 f5 3. Nc3 d5 4. Bg5 Nf6 5. e3 c6 6. Ne2 Bd6 7. Nf4 O-O 8. Nd3 Qc7 9. Bf4 Nbd7 10. Bxd6 Qxd6 11. Nfe5 c5 12. Nxd7 Nxd7 13. f4 c4 14. Ne5 Nxe5 15. fxe5 Qb4+ 16. Kf2 Qxb2 17. Be2 f4 18. exf4 Rxf4+ 19. Ke3 Re4+ 20. Kf2 Rxd4 21. Qb1 Rf4+ 22. Kg3 Qxe5 0-1